 Dungeon Crawl Stone Soup version 0.29-a0-876-gfc89b1a5bd (webtiles) character file.

Game seed: 7409343149394534479

187886 reriks the Eclecticist (level 17, -4/103 HPs)
             Began as a Deep Elf Fire Elementalist on July 18, 2022.
             Was a High Priest of Vehumet.
             Slain by a spark wasp (10 damage)
             ... on level 3 of the Spider Nest on July 19, 2022.
             The game lasted 03:07:14 (49273 turns).

reriks the Eclecticist (DEFE)                      Turns: 49273, Time: 03:07:14

Health: -4/103     AC:  9    Str:  5    XL:     17   Next: 89%
Magic:  20/49      EV: 18    Int: 35    God:    Vehumet [*****.]
Gold:   778        SH: 13    Dex: 15    Spells: 2/50 levels left

rFire   . . .      SeeInvis .   y - +11 falchion of Edyor {protect, *Corrode rPois Will+++ MP+9}
rCold   + + .      Faith    .   H - +5 kite shield of Jepn {rC+ rCorr}
rNeg    . . .      Spirit   .   T - +2 robe {rC+}
rPois   +          Reflect  .   G - +0 helmet
rElec   .          Harm     .   (no cloak)
rCorr   +          Rampage  .   E - +0 pair of gloves
Will    ++++.                   f - +2 pair of boots
Stlth   ++++++....              c - amulet of magic regeneration
HPRegen 0.27/turn               v - ring of wizardry
MPRegen 0.71/turn               e - +6 ring of intelligence

@: no status effects
A: no striking features
a: Renounce Religion


You were on level 3 of the Spider Nest.
You worshipped Vehumet.
Vehumet was extremely pleased with you.
You visited 6 branches of the dungeon, and saw 29 of its levels.

You collected 2626 gold pieces.
You spent 1848 gold pieces at shops.

Inventory:

Hand Weapons
 h - a +4 dagger of speed
 y - the +11 falchion of Edyor (weapon) {protect, *Corrode rPois Will+++ MP+9}
   (You found it on level 13 of the Dungeon)

   It grants its wielder temporary protection when it strikes (+7 to AC).
   rPois:     It protects you from poison.
   MP:        It affects your magic capacity (+9).
   *Corrode:  It may corrode you when you take damage.
   Will:      It greatly increases your willpower.
 A - the +10 dagger "Vanoodgh" {freeze, rElec rN+ Str+2}
   (You found it on level 2 of the Spider Nest)

   It freezes those it strikes, dealing additional cold damage.
   It can also slow down cold-blooded creatures.
   Str:       It affects your strength (+2).
   rElec:     It insulates you from electricity.
   rN:        It protects you from negative energy.
 U - the +9 hand axe of Exquisite Torment {vorpal, rElec rF- rN+}
   (You found it on level 2 of the Lair of Beasts)

   It inflicts extra damage upon your enemies.
   rF:        It makes you vulnerable to fire.
   rElec:     It insulates you from electricity.
   rN:        It protects you from negative energy.
Armour
 f - a +2 pair of boots (worn)
 E - a +0 pair of gloves (worn)
 G - a +0 helmet (worn)
 H - the +5 kite shield of Jepn (worn) {rC+ rCorr}
   (You took it off Donald on level 3 of the Spider Nest)

   rC:        It protects you from cold.
   rCorr:     It protects you from acid and corrosion.
 T - a +2 robe of cold resistance (worn)
Magical Staves
 g - a staff of conjuration
 k - a staff of earth
Jewellery
 c - an amulet of magic regeneration (around neck)
 d - a ring of fire
 e - a +6 ring of intelligence (right hand)
 m - a +4 ring of evasion
 v - a ring of wizardry (left hand)
 x - a ring of positive energy
 D - a ring of see invisible
 Q - a ring of resist corrosion
Wands
 s - a wand of iceblast (3)
 Z - a wand of digging (6)
Scrolls
 a - 2 scrolls of summoning
 l - 4 scrolls of blinking
 n - 3 scrolls of brand weapon
 q - 14 scrolls of teleportation
 w - 3 scrolls of poison
 C - 2 scrolls of enchant armour
 L - 4 scrolls of fog
 M - 2 scrolls of identify
 O - 3 scrolls of magic mapping
 P - 4 scrolls of enchant weapon
 R - 2 scrolls of fear
Potions
 b - 3 potions of magic
 i - 7 potions of heal wounds
 j - 7 potions of haste
 o - 8 potions of attraction
 p - 2 potions of invisibility
 r - 15 potions of curing
 t - 3 potions of flight
 u - a potion of berserk rage {unknown}
 z - 7 potions of cancellation
 B - 4 potions of brilliance
 F - 4 potions of might
 I - 3 potions of resistance
 V - 2 potions of ambrosia


   Skills:
 + Level 10.3 Fighting
 + Level 15.7 Dodging
 + Level 17.0 Stealth
 - Level 1.0 Shields
 + Level 17.1 Spellcasting
 + Level 14.3 Conjurations
 - Level 4.7 Transmutations
 + Level 14.7 Fire Magic
 + Level 7.0 Earth Magic
 - Level 9.7 Poison Magic


You had 2 spell levels left.
You knew the following spells:

 Your Spells              Type           Power      Damage    Failure   Level
a - Foxfire               Conj/Fire      100%       2x1d9     0%          1
b - Scorch                Fire           100%       2d10      0%          2
c - Blink                 Tloc           58%        N/A       2%          2
d - Conjure Flame         Conj/Fire      93%        6-21      1%          3
e - Iron Shot             Conj/Erth      40%        9d8       1%          6
f - Ignite Poison         Fire/Tmut/Pois 78%        N/A       1%          3
g - Olgreb's Toxic Radia  Pois           78%        N/A       1%          4
h - Ignition              Fire           46%        3d13      8%          8
i - Sandblast             Erth           100%       2d20      1%          1
j - Fireball              Conj/Fire      46%        3d18      1%          5
k - Orb of Destruction    Conj           46%        9d12      1%          7
l - Sting                 Tmut/Pois      100%       1d8       1%          1
m - Iskenderun's Battles  Conj           92%        2d14      1%          5

Your spell library contained the following spells:

 Spells                   Type           Power      Damage    Failure   Level
 Maxwell's Capacitive Co  Air            14%        ∞         100%        8
 Beastly Appendage        Tmut           100%       N/A       1%          1
 Slow                     Hex            100%       N/A       1%          1
 Poisonous Vapours        Pois/Air       100%       N/A       1%          2
 Wereblood                Tmut           58%        N/A       1%          2
 Inner Flame              Hex/Fire       69%        N/A       1%          3
 Spider Form              Tmut/Pois      69%        N/A       1%          3
 Flame Wave               Conj/Fire      93%        2d16      1%          4
 Sticky Flame             Conj/Fire      93%        2d10      1%          4
 Freezing Cloud           Conj/Ice/Air   29%        6-21      1%          5
 Confusing Touch          Hex            29%        N/A       4%          3
 Gell's Gravitas          Tloc           29%        N/A       4%          3
 Lesser Beckoning         Tloc           29%        N/A       4%          3
 Ozocubu's Armour         Ice            29%        N/A       4%          3
 Teleport Other           Tloc           29%        N/A       4%          3
 Vampiric Draining        Necr           29%        2d8       4%          3
 Yara's Violent Unravell  Hex/Tmut       23%        3d10      5%          5
 Cause Fear               Hex            14%        N/A       16%         4
 Manifold Assault         Tloc           29%        N/A       41%         5
 Metabolic Englaciation   Hex/Ice        14%        N/A       41%         5
 Dragon Form              Tmut           29%        N/A       87%         7
 Dispersal                Tloc           14%        N/A       91%         6
 Simulacrum               Ice/Necr       14%        N/A       91%         6
 Ozocubu's Refrigeration  Ice            14%        4d7       93%         7
 Enfeeble                 Hex            14%        N/A       100%        7
 Dragon's Call            Summ           14%        N/A       100%        9
 Polar Vortex             Ice            14%        N/A       100%        9


Dungeon Overview and Level Annotations

Branches:
Dungeon (15/15)            Temple (1/1) D:6            Lair (5/5) D:11
 Shoals (0/4) Lair:3       Spider (3/4) Lair:3        Slime (0/5) Lair:5
    Orc (2/2) D:9             Elf (3/3) Orc:2        Vaults (0/5) D:13
 Depths: D:15

Altars:
Ashenzari
Cheibriados
Dithmenos
Elyvilon
Fedhas
Gozag
Hepliaklqana
Kikubaaqudgha
Makhleb
Nemelex Xobeh
Okawaru
Qazlal
Ru
Sif Muna
Uskayaw
Vehumet
Wu Jian
Xom
Yredelemnul
Zin
The Shining One

Shops:
D:5 [!*[   D:8 *   D:9 =   D:11 ?:(   D:13 ?   Orc:2 *(=!   Elf:1 !   Elf:3 !

Portals:
Trove: D:10 (give +6 demon trident)

Annotations:
D:12 2 transporters, SirDiesAlot's ghost, journeyman DEEE
Lair:5 2 runed translucent doors
Spider:1 2 transporters, exclusion: orange crystal statue, Brotato's ghost, journeyman SpBr; Gifaivo's ghost, journeyman DECj
Elf:2 3 runed translucent doors


Message History

The demonic crawler shrieks in warning!
You hear a shout! x2
Casting: Orb of Destruction (dangerous; 1% risk of failure)
Confirm with . or Enter, or press ? or * to list all spells.
Aiming: Orb of Destruction (dangerous; 1% risk of failure)
Press: ? - help, Shift-Dir - straight line, f/p - demonic crawler
Aim: a demonic crawler The demonic crawler shrieks in warning!
You hear an angry buzzing noise.
The orb of destruction hits the demonic crawler!!!
The demonic crawler is severely wounded.
Casting: Orb of Destruction (dangerous; 1% risk of failure)
Confirm with . or Enter, or press ? or * to list all spells.
Aiming: Orb of Destruction (dangerous; 1% risk of failure)
Press: ? - help, Shift-Dir - straight line, f/p - demonic crawler
Aim: a demonic crawler (magical condensation, severely wounded, catching its breath)
The wavering orb of destruction hits the demonic crawler!!!
You blow up the demonic crawler!
Vehumet accepts your kill.
You feel your power returning.
There is a stone staircase leading down here.
A spark wasp comes into view.
The spark wasp stings you but does no damage.
You block the spark wasp's attack.
The spark wasp attacks as you move away!
The spark wasp stings you!! The spark wasp shocks you!
The spark wasp stings you!! The spark wasp shocks you!
Casting: Orb of Destruction (dangerous; 1% risk of failure)
Confirm with . or Enter, or press ? or * to list all spells.
Aiming: Iron Shot (dangerous; 1% risk of failure)
Press: ? - help, Shift-Dir - straight line, f - spark wasp
Aim: a spark wasp (64% to hit)
The iron shot hits the spark wasp!!!
The spark wasp is heavily wounded.
The spark wasp stings you!
* * * LOW HITPOINT WARNING * * *
The spark wasp shocks you!
* * * LOW HITPOINT WARNING * * *
The spark wasp stings you!
You die...

.#.###.......###.##
....########## #.#
.....^## #.#
.......## #^#
..##^...## #.#
^#####...## #.#
###.......## #.#
........#..## #.#
........##..####@#
.......####.#^##y#
.....### ##...#.#
..... ##..#.# .....
#....# .. ##...#
##..# ##.##
#..######## #.


You could see a spark wasp.

Vanquished Creatures
  Jorgrun (D:13)
  A deep elf blademaster (Elf:3)
  A deep elf master archer (Elf:3)
  Donald (Spider:3)
  A deep elf sorcerer (Elf:3)
  5 emperor scorpions
  A broodmother (Spider:3)
  Nessos (Lair:5)
  4 deep elf annihilators (Elf:3)
  7 deep elf demonologists
  3 entropy weavers
  A dire elephant (Lair:3)
  2 spark wasps
  5 deep elf death magi (Elf:3)
  2 deep elf high priests (Elf:3)
  5 hydras
  6 boulder beetles
  A vault guard (D:10)
  Fannar (Lair:3)
  4 radroaches
  4 centaur warriors
  A catoblepas (Lair:5)
  12 dancing weapons
  3 two-headed ogres
  4 death yaks (Lair:2)
  5 orc high priests (Orc:2)
  Urug (D:13)
  Nergalle (D:12)
  Sonja (Orc:2)
  16 deep elf knights
  4 skeletal warriors (D:11)
  8 steelbarb worms
  5 orb spiders
  11 deep elf archers
  Pikel (D:6)
  8 orc knights
  25 deep elf pyromancers
  21 wolf spiders
  28 deep elf zephyrmancers
  2 lindwurms
  17 ugly things
  2 oklob plants (Lair:1)
  2 orc sorcerers
  4 cyclopes
  A manticore (D:7)
  5 torpor snails
  A guardian serpent (shapeshifter) (D:15)
  12 black mambas
  29 elephants
  2 molten gargoyles (Lair:5)
  6 cane toads
  3 gargoyles
  2 unseen horrors
  3 rime drakes
  A freezing wraith (D:15)
  11 komodo dragons
  7 demonic crawlers
  2 merfolk (Lair:3)
  2 polar bears
  2 trolls
  14 tarantellas
  A wolf spider simulacrum (D:15)
  15 slime creatures
  26 dream sheep
  3 wraiths
  12 culicivoras
  2 spriggans (shapeshifter)
  20 jumping spiders
  5 air elementals
  2 shadows
  A spriggan (Lair:3)
  3 water elementals (Elf:2)
  37 yaks
  6 wyverns
  Eustachio (D:5)
  16 humans (D:13)
  2 fire elementals (Elf:2)
  7 basilisks
  4 steam dragons
  31 redbacks
  10 vampire mosquitoes
  2 wargs (Orc:1)
  3 acid dragons
  Edmund (D:5)
  5 hell hounds (Lair:5)
  11 water moccasins
  34 orc warriors
  4 black bears
  2 ice beasts (D:5)
  5 ogres
  A phantom (D:6)
  24 wolves
  13 centaurs
  3 kobold brigands
  A gnoll sergeant (D:9)
  2 scorpions
  17 bullfrogs
  3 earth elementals
  9 wights
  3 killer bees (D:9)
  An electric eel (D:10)
  5 howler monkeys
  5 lava snakes (Lair:5)
  4 hounds
  24 orc priests
  2 jellies
  3 iguanas
  Natasha (thrice) (D:4)
  20 orc wizards
  5 gnolls (D:9)
  12 adders
  3 shadow imps
  2 white imps
  A worm (D:2)
  A dart slug (D:2)
  84 orcs
  10 endoplasms
  4 giant cockroaches
  10 goblins
  9 hobgoblins
  A jackal (D:2)
  20 kobolds
  A quokka (D:1)
  10 ball pythons
  9 bats
  2 frilled lizards
  12 rats
952 creatures vanquished.

Vanquished Creatures (collateral kills)
  A foxfire (D:4)
1 creature vanquished.

Vanquished Creatures (others)
  269 foxfires
  89 fungi
  102 plants
460 creatures vanquished.

Grand Total: 1413 creatures vanquished

Notes
Turn   | Place    | Note
-------+----------+-------------------------------------------
     0 | D:1      | reriks the Deep Elf Fire Elementalist began the quest for
                  | the Orb.
     0 | D:1      | Reached XP level 1. HP: 10/10 MP: 6/6
   646 | D:1      | Reached XP level 2. HP: 8/15 MP: 6/8
  1607 | D:1      | Learned a level 2 spell: Scorch
  1610 | D:1      | Learned a level 2 spell: Blink
  1677 | D:2      | Reached XP level 3. HP: 19/19 MP: 5/9
  2236 | D:2      | Reached XP level 4. HP: 24/24 MP: 8/11
  2861 | D:2      | Learned a level 3 spell: Conjure Flame
  3414 | D:2      | Found a faded altar of an unknown god.
  4736 | D:3      | Reached XP level 5. HP: 28/28 MP: 13/13
  4741 | D:3      | Learned a level 4 spell: Flame Wave
  5385 | D:4      | Noticed an ogre
  5396 | D:4      | Killed an ogre
  5558 | D:4      | Found a glowing golden altar of the Shining One.
  5714 | D:4      | Reached XP level 6. HP: 32/32 MP: 8/14
  5768 | D:4      | Found a hide-covered altar of Uskayaw.
  6227 | D:4      | Found a broken altar of Ashenzari.
  6313 | D:4      | Noticed Natasha
  6318 | D:4      | Killed Natasha
  6744 | D:4      | Noticed Natasha
  6754 | D:4      | Killed Natasha
  7042 | D:4      | Noticed Natasha
  7048 | D:4      | Killed Natasha
  7049 | D:4      | Reached skill level 5 in Spellcasting
  7143 | D:5      | Entered Level 5 of the Dungeon
  7143 | D:5      | Noticed an ice beast
  7146 | D:5      | Killed an ice beast
  7147 | D:5      | Reached XP level 7. HP: 36/36 MP: 12/16
  7348 | D:5      | Reached skill level 5 in Fire Magic
  7451 | D:5      | Reached skill level 5 in Stealth
  7677 | D:5      | Noticed Edmund
  7697 | D:5      | Killed Edmund
  7698 | D:5      | Reached skill level 5 in Dodging
  7727 | D:5      | Learned a level 3 spell: Ignite Poison
  7762 | D:5      | Found Hierph's Assorted Antiques.
  7763 | D:5      | Found Ruogyu's Antique Armour Shoppe.
  7766 | D:5      | Found Mehicode's Antique Armour Shoppe.
  7767 | D:5      | Found Vecym's Distillery.
  7778 | D:5      | Bought a potion of cancellation for 96 gold pieces
  8058 | D:5      | Noticed Eustachio
  8062 | D:5      | Reached skill level 1 in Poison Magic
  8185 | D:5      | Killed Eustachio
  8186 | D:5      | Reached skill level 1 in Transmutations
  8186 | D:5      | Reached XP level 8. HP: 41/41 MP: 13/19
  8455 | D:5      | Learned a level 4 spell: Olgreb's Toxic Radiance
  9055 | D:6      | Noticed Pikel
  9097 | D:6      | Killed Pikel
  9098 | D:6      | Reached skill level 5 in Conjurations
  9243 | D:5      | Reached XP level 9. HP: 27/45 MP: 13/21
  9622 | D:6      | Found a staircase to the Ecumenical Temple.
  9873 | Temple   | Entered the Ecumenical Temple
 11144 | D:7      | Found a radiant altar of Vehumet.
 11146 | D:7      | Found a white marble altar of Elyvilon.
 11147 | D:7      | Found a hide-covered altar of Uskayaw.
 11152 | D:7      | Became a worshipper of Vehumet
 11405 | D:7      | Noticed a four-headed hydra
 11412 | D:7      | Killed a four-headed hydra
 11413 | D:7      | Reached skill level 1 in Fighting
 11666 | D:7      | Noticed a manticore
 11672 | D:7      | Killed a manticore
 11787 | D:7      | Learned a level 4 spell: Sticky Flame
 11813 | D:7      | Reached XP level 10. HP: 47/53 MP: 7/23
 12103 | D:5      | Bought a glowing buckler for 232 gold pieces
 13206 | D:8      | Found Xoskiu's Gadget Gallery.
 13277 | D:8      | Reached * piety under Vehumet
 13277 | D:8      | Offered knowledge of Freeze by Vehumet.
 13847 | D:9      | Reached skill level 1 in Shields
 14136 | D:9      | Found a blossoming altar of Fedhas.
 14354 | D:9      | Found a staircase to the Orcish Mines.
 14369 | Orc:1    | Entered Level 1 of the Orcish Mines
 14855 | Orc:2    | Entered Level 2 of the Orcish Mines
 14855 | Orc:2    | Noticed Sonja
 14858 | Orc:2    | Killed Sonja
 15194 | Orc:1    | Offered knowledge of Sandblast by Vehumet.
 15577 | D:9      | Found Finotus's Jewellery Shoppe.
 15590 | D:9      | Learned a level 1 spell: Sandblast
 15751 | D:9      | Reached ** piety under Vehumet
 15890 | D:9      | Reached XP level 11. HP: 60/60 MP: 13/26
 15947 | D:9      | Found a burning altar of Makhleb.
 16405 | D:10     | Entered Level 10 of the Dungeon
 16408 | D:10     | Noticed a boulder beetle
 16901 | D:10     | Killed a boulder beetle
 17099 | D:10     | Found an ancient bone altar of Kikubaaqudgha.
 17438 | D:10     | Found a shadowy altar of Dithmenos.
 17503 | D:10     | You fall into a shaft and drop 3 floors!
 17904 | D:13     | Noticed a two-headed ogre
 17904 | D:13     | Noticed a centaur warrior
 17904 | D:13     | Noticed Urug
 17904 | D:13     | Noticed a seven-headed hydra
 17904 | D:13     | Noticed Jorgrun
 17904 | D:13     | Found a gate to the Vaults.
 18012 | D:11     | Reached skill level 10 in Spellcasting
 18254 | D:10     | HP: 3/61 [gargoyle/stone arrow (27)]
 18260 | D:10     | Reached skill level 10 in Stealth
 18453 | D:10     | Found an ornate altar of the Wu Jian Council.
 18786 | D:10     | Noticed a vault guard
 18797 | D:10     | Killed a vault guard
 18798 | D:10     | Reached skill level 5 in Poison Magic
 18826 | D:10     | Found a portal to a secret trove of treasure.
 18866 | D:11     | Found a staircase to the Lair.
 19090 | D:11     | Found Upaq's Magic Scroll Shoppe.
 19095 | D:11     | Bought a scroll of identify for 26 gold pieces
 19146 | D:11     | Noticed a two-headed ogre
 19416 | D:11     | Noticed a skeletal warrior
 19435 | D:11     | HP: 2/62 [skeletal warrior/+0 glaive (16)]
 19436 | D:11     | Killed a skeletal warrior
 19656 | D:11     | Noticed a skeletal warrior
 19735 | Orc:2    | Offered knowledge of Poisonous Vapours by Vehumet.
 19991 | Orc:2    | Reached *** piety under Vehumet
 20138 | Orc:2    | Reached XP level 12. HP: 45/67 MP: 21/28
 20230 | Orc:2    | Offered knowledge of Dazzling Flash by Vehumet.
 20232 | Orc:2    | Noticed an orc high priest
 20236 | Orc:2    | Killed an orc high priest
 20752 | Orc:2    | Found a staircase to the Elven Halls.
 20801 | Orc:2    | Reached skill level 5 in Fighting
 21016 | Orc:2    | Reached skill level 10 in Dodging
 21016 | Orc:2    | Reached **** piety under Vehumet
 21031 | Orc:2    | Noticed an orc high priest
 21075 | Orc:2    | Noticed an orc high priest
 21077 | Orc:2    | Killed an orc high priest
 21081 | Orc:2    | Killed an orc high priest
 21131 | Orc:2    | Noticed an orc high priest
 21137 | Orc:2    | Killed an orc high priest
 21355 | Orc:2    | Found Fyxt's General Store.
 21355 | Orc:2    | Noticed an orc high priest
 21358 | Orc:2    | Killed an orc high priest
 21358 | Orc:2    | Offered knowledge of Fireball by Vehumet.
 21359 | Orc:2    | Reached skill level 10 in Fire Magic
 21365 | Orc:2    | Learned a level 5 spell: Fireball
 21367 | Orc:2    | Found Buxaem's Distillery.
 21368 | Orc:2    | Found Wumy's Weapon Shop.
 21369 | Orc:2    | Found Joruiv's Jewellery Boutique.
 21375 | Orc:2    | Bought a ring of resist corrosion for 220 gold pieces
 22164 | D:5      | Bought a runed robe for 114 gold pieces
 22407 | D:11     | Found Josou's Book Shoppe.
 22693 | D:11     | Found Xuzoid's Weapon Boutique.
 22720 | D:11     | Reached XP level 13. HP: 74/74 MP: 5/30
 22881 | D:11     | Found an ornate altar of the Wu Jian Council.
 23204 | Lair:1   | Entered Level 1 of the Lair of Beasts
 23251 | Lair:1   | Reached ***** piety under Vehumet
 23255 | Lair:1   | Offered knowledge of Orb of Destruction by Vehumet.
 23559 | Lair:1   | Learned a level 7 spell: Orb of Destruction
 23731 | Lair:1   | Found a sacrificial altar of Ru.
 24442 | Lair:2   | Reached skill level 10 in Conjurations
 25752 | Lair:2   | Identified the +9 hand axe of Exquisite Torment {vorpal,
                  | rElec rF- rN+}
 26395 | Lair:3   | Found a hole to the Spider Nest.
 26774 | Lair:3   | Reached XP level 14. HP: 80/80 MP: 16/32
 26977 | Lair:3   | Found a staircase to the Shoals.
 27209 | Lair:3   | Noticed Fannar
 27291 | Lair:3   | Killed Fannar
 28593 | Lair:5   | Entered Level 5 of the Lair of Beasts
 28616 | Lair:5   | Noticed Nessos
 28619 | Lair:5   | Killed Nessos
 28649 | Lair:5   | Offered knowledge of Lightning Bolt by Vehumet.
 29735 | Lair:5   | Found a staircase to the Slime Pits.
 30246 | Lair:5   | Learned a level 1 spell: Sting
 30281 | Lair:5   | Found a large runed translucent door.
 30308 | Lair:5   | Found a large runed translucent door.
 30689 | Lair:5   | Upgraded the game from 0.29-a0-872-g797fff5ad1 to
                  | 0.29-a0-876-gfc89b1a5bd
 30722 | Spider:1 | Entered Level 1 of the Spider Nest
 31179 | Spider:1 | Found a transporter.
 31206 | Spider:1 | Found a transporter.
 31207 | Spider:1 | Noticed Brotato's ghost (journeyman SpBr)
 31220 | Spider:1 | Reached XP level 15. HP: 88/88 MP: 20/35
 31226 | Spider:1 | Noticed Gifaivo's ghost (journeyman DECj)
 31408 | Spider:1 | Offered knowledge of Lee's Rapid Deconstruction by Vehumet.
 31455 | Spider:1 | Noticed an emperor scorpion
 31865 | Spider:1 | Noticed an emperor scorpion
 31874 | Spider:1 | Killed an emperor scorpion
 31992 | Spider:1 | Noticed an emperor scorpion
 31998 | Spider:1 | Killed an emperor scorpion
 32183 | D:12     | Noticed Nergalle
 32270 | D:12     | Found a transporter.
 32270 | D:12     | Noticed SirDiesAlot's ghost (journeyman DEEE)
 32271 | D:12     | Found a transporter.
 32339 | D:12     | Killed Nergalle
 32601 | D:12     | Identified the +4 flail "Ilih" {vorpal, rN+ Str-4 Dex+6}
 33352 | D:13     | Killed Urug
 33675 | D:13     | Killed Jorgrun
 33762 | D:13     | Found Emavirofu's Magic Scroll Shoppe.
 33775 | D:13     | Bought a scroll of identify for 22 gold pieces
 33775 | D:13     | Bought a scroll of identify for 22 gold pieces
 33775 | D:13     | Bought a scroll of teleportation for 33 gold pieces
 33775 | D:13     | Bought a scroll of teleportation for 33 gold pieces
 33923 | D:13     | Identified the +11 falchion of Edyor {protect, *Corrode
                  | rPois Will+++ MP+9}
 34479 | Spider:1 | Noticed an emperor scorpion
 34486 | Spider:1 | Killed an emperor scorpion
 34659 | Spider:1 | Noticed an emperor scorpion
 34675 | Spider:1 | Killed an emperor scorpion
 34980 | Spider:1 | Reached skill level 15 in Spellcasting
 35031 | Spider:1 | Offered knowledge of Iron Shot by Vehumet.
 35041 | Spider:1 | Reached skill level 15 in Stealth
 35490 | Spider:1 | Learned a level 6 spell: Iron Shot
 36368 | Spider:2 | Reached skill level 1 in Earth Magic
 36432 | Spider:2 | Learned a level 8 spell: Ignition
 36750 | Spider:2 | Reached XP level 16. HP: 95/95 MP: 37/37
 36800 | Spider:2 | Identified the +10 dagger "Vanoodgh" {freeze, rElec rN+
                  | Str+2}
 38278 | Elf:1    | Entered Level 1 of the Elven Halls
 38280 | Elf:1    | Paralysed by an air elemental for 1 turns
 38281 | Elf:1    | Offered knowledge of Starburst by Vehumet.
 39606 | D:14     | Found a shadowy altar of Dithmenos.
 39868 | D:15     | Entered Level 15 of the Dungeon
 41229 | Elf:1    | Found Vegifu's Distillery.
 41356 | Elf:1    | Bought a potion of haste for 160 gold pieces
 41947 | Elf:1    | Reached ****** piety under Vehumet
 41947 | Elf:1    | Offered knowledge of Iskenderun's Battlesphere by Vehumet.
 42371 | D:11     | Bought a scroll of acquirement for 676 gold pieces
 42371 | D:11     | Bought a scroll of enchant armour for 97 gold pieces
 42371 | D:11     | Bought a scroll of teleportation for 39 gold pieces
 42371 | D:11     | Bought a scroll of teleportation for 39 gold pieces
 42371 | D:11     | Bought a scroll of teleportation for 39 gold pieces
 42371 | D:11     | Acquired a staff of conjuration
 42701 | Elf:2    | Noticed a Tzitzimitl
 42958 | Elf:2    | Reached skill level 5 in Earth Magic
 43190 | Elf:2    | Reached XP level 17. HP: 100/100 MP: 39/39
 43196 | Elf:2    | Learned a level 5 spell: Iskenderun's Battlesphere
 43431 | Elf:2    | Found a runed translucent gate.
 43432 | Elf:2    | Found a runed translucent gate.
 43432 | Elf:2    | Found a runed translucent gate.
 43556 | Elf:2    | Reached skill level 15 in Dodging
 44190 | Elf:3    | Entered Level 3 of the Elven Halls
 44907 | Elf:3    | Found Duarusyque's Distillery.
 45585 | Elf:3    | Reached skill level 10 in Fighting
 45672 | Elf:3    | Noticed a deep elf blademaster
 45676 | Elf:3    | Killed a deep elf blademaster
 45676 | Elf:3    | Offered knowledge of Maxwell's Capacitive Coupling by
                  | Vehumet.
 46077 | Elf:3    | Noticed a deep elf master archer
 46084 | Elf:3    | Killed a deep elf master archer
 46575 | Elf:3    | Identified the +5 dagger "Tovyenir" {venom, Int+3}
 46965 | Elf:3    | Identified the +7 plate armour of Yesterday {Drain Int+6}
 46965 | Elf:3    | Noticed a deep elf blademaster
 48107 | Elf:3    | Identified the +4 chain mail of the Barracuda {rF+ Regen+}
 48107 | Elf:3    | Noticed a deep elf master archer
 48112 | Elf:3    | HP: 5/102 [deep elf master archer/arrow (17)]
 48876 | Spider:3 | Identified the +5 kite shield of Jepn {rC+ rCorr}
 48876 | Spider:3 | Noticed Donald
 48882 | Spider:3 | Killed Donald
 49273 | Spider:3 | Slain by a spark wasp

Illustrated notes

Levels and vault maps discovered:
D:1:      roderic_crossed_star, layout_basic, serial_corexii_hall,
          corexii_hall_statues_deadend, corexii_hall_statues_u,
          chequers_hall_statues_y, chequers_hall_statues_corner_a
D:2:      layout_loops_corners, basic_ecumenical_altar, minmay_joined_circles
D:3:      layout_basic
D:4:      layout_loops_ring, mainiacjoe_overflow_small_starburst,
          evilmike_ruin_ashenzari, serial_bayou_ford_a, minmay_ruined_shrine,
          uniq_natasha
D:5:      layout_basic, chequers_serial_rivers_micro_a, minmay_shop_grid_forest,
          uniq_edmund, uniq_eustachio
D:6:      layout_basic, minmay_temple_entry_ruins, uniq_pikel
D:7:      layout_basic, grunt_temple_overflow_open
D:8:      layout_loops_ring, trog_antimagical, nicolae_shop_gadgets
D:9:      layout_stronghold, amcnicky_altar_gilded, fedhas_altar_2, orc_0_dummy,
          serial_shops, shop, roderic_serpentine_path, minmay_fire_ice_demons
D:10:     layout_loops_ring, kennysheep_mini,
          mainiacjoe_overflow_catch_the_wave, enter_trove_5
D:11:     layout_layer_cave, david_lair_generic, serial_shops, shop,
          shop_statue, nicolae_shop_bloodbath_and_beyond,
          nicolae_wu_jian_glorious_leap
D:12:     layout_loops_ring, gammafunk_ghost_mausoleum, uniq_nergalle
D:13:     layout_small_grid, david_vaults_3, serial_shops,
          nicolae_shop_statue_plus, nicolae_figureground_pulse, uniq_jorgrun
D:14:     layout_rooms, nicolae_dithmenos_shadow_blocks
D:15:     grunt_enter_depths_hoard, layout_loops_ring, serial_glass,
          glass_columns_a, glass_columns_a
Temple:   hellmonk_temple_of_storms
Lair:1:   dpeg_oklob_gauntlet, layout_hall_layers, basic_altar,
          lemuel_fruit_tree, serial_bayou_shore_b
Lair:2:   layout_concentric_octagons
Lair:3:   mu_elephants_graveyard, layout_misc_corridors,
          elwin_shoals_entry_rooms, dummy_spider_entry, uniq_fannar
Lair:4:   layout_long_grid, grunt_megastairs_5, serial_bayou_shore_a,
          serial_bayou_shore_b
Lair:5:   cheibrodos_lair_end_hotspot, layout_regular_city, slime_entry_1,
          uniq_urug, uniq_nessos
Spider:1: layout_cave_pods, nzn_ghost_randoct, nicolae_spider_scorpion_nest
Spider:2: layout_cave_pods
Spider:3: layout_cave_pods, nicolae_arachne_temple, uniq_donald
Orc:1:    layout_caves
Orc:2:    st_orc_pillars, layout_caves, portal_ice_cave_rime, uniq_sonja
Elf:1:    nicolae_elf_arrival_aired_out, layout_geoelf_diagonals, serial_shops,
          nicolae_shop_hallway_plus, evilmike_minifort,
          ebering_dispersal_statue_hall
Elf:2:    nicolae_elf_blades_crystal_corner, layout_loops_corners,
          lemuel_flamethrower_3
Elf:3:    elf_hall_gauntlet_narrow, layout_geoelf_octagon, serial_shops,
          nicolae_shop_crystal

Skill      XL: |  1  2  3  4  5  6  7  8  9 10 11 12 13 14 15 16 17 |
---------------+----------------------------------------------------+-----
Stealth        | 3 4 5 6 7 9 10 11 12 14 15 16 17 | 17.0
Dodging        | 3 4 5 6 7 8 9 10 11 12 13 14 15 | 15.7
Conjurations   | 2 3 4 5 6 7 8 9 10 11 12 13 14 | 14.3
Spellcasting   | 4 5 6 7 9 10 11 12 14 15 16 17 | 17.1
Fire Magic     | 4 5 6 7 8 9 10 11 12 13 14 | 14.7
Poison Magic   | 1 3 4 5 7 8 9 |  9.7
Transmutations | 1 3 4 |  4.7
Fighting       | 1 3 4 5 6 7 8 9 10 | 10.3
Shields        | 1 |  1.0
Earth Magic    | 1 5 7 |  7.0

Action                   |  1- 3 |  4- 6 |  7- 9 | 10-12 | 13-15 | 16-18 || total
-------------------------+-------+-------+-------+-------+-------+-------++-------
Melee: Dagger            |       |       |     2 |       |     2 |       ||     4
       Falchion          |       |       |       |       |       |     1 ||     1
 Cast: Foxfire           |    42 |    65 |    43 |    23 |       |       ||   173
       Scorch            |     9 |    45 |    95 |    78 |     7 |     3 ||   237
       Conjure Flame     |       |     9 |    24 |    14 |     2 |     3 ||    52
       Flame Wave        |       |     2 |       |     1 |       |       ||     3
       Blink             |       |       |     3 |     1 |     3 |     6 ||    13
       Olgreb's Toxic Ra |       |       |    11 |   144 |   201 |    45 ||   401
       Ignite Poison     |       |       |    10 |   163 |   298 |    60 ||   531
       Sticky Flame      |       |       |       |     4 |     3 |       ||     7
       Fireball          |       |       |       |    11 |   145 |   224 ||   380
       Orb of Destructio |       |       |       |       |    57 |    23 ||    80
       Sting             |       |       |       |       |     1 |       ||     1
       Iron Shot         |       |       |       |       |    13 |    48 ||    61
       Ignition          |       |       |       |       |       |    24 ||    24
       Iskenderun's Batt |       |       |       |       |       |    27 ||    27
Evoke: Wand              |       |       |       |     1 |       |       ||     1
  Use: Scroll            |       |     7 |     1 |    11 |    13 |     3 ||    35
       Potion            |       |       |       |     3 |     4 |       ||     7
Armor: Robe              |     2 |     1 |     8 |    17 |    13 |    11 ||    52
Dodge: Dodged            |    10 |    10 |    45 |    74 |    66 |    41 ||   246
Block: Buckler           |       |       |       |    29 |    14 |    17 ||    60
       Kite shield       |       |       |       |       |       |     1 ||     1

Table legend: (Time is in decaauts)
 A = Elapsed time spent in this place.
 B = Non-inter-level travel time spent in this place.
 C = Inter-level travel time spent in this place.
 D = Time resting spent in this place.
 E = Time spent auto-exploring this place.
 F = Levels seen in this place.
 G = Mean time per level.
                   A        B        C        D        E       F      G
               +--------+--------+--------+--------+--------+-----+--------+
         Total |  49387 |  45537 |   3850 |  21036 |  17875 |  29 | 1703.0 |
       Dungeon |  24632 |  23001 |   1631 |  10432 |   9297 |  15 | 1642.1 |
        Temple |     46 |     37 |      9 |      0 |     24 |   1 |   46.0 |
          Lair |   7904 |   7006 |    898 |   1580 |   4237 |   5 | 1580.8 |
   Spider Nest |   5477 |   5057 |    420 |   2175 |   2058 |   3 | 1825.7 |
  Orcish Mines |   4092 |   3653 |    439 |   2544 |    605 |   2 | 2046.0 |
   Elven Halls |   7233 |   6781 |    452 |   4305 |   1654 |   3 | 2411.0 |
               +--------+--------+--------+--------+--------+-----+--------+

Top non-repeatable levels by time:
   Elf:3: 3286 daAuts
   Elf:2: 2570 daAuts
   Orc:2: 2514 daAuts
Spider:1: 2483 daAuts
Spider:2: 2303 daAuts
    D:11: 2173 daAuts
     D:6: 2108 daAuts
     D:5: 2010 daAuts
     D:9: 1996 daAuts
  Lair:5: 1985 daAuts
     D:2: 1969 daAuts
  Lair:3: 1872 daAuts
    D:10: 1800 daAuts
     D:4: 1782 daAuts
     D:3: 1781 daAuts
